 Dungeon Crawl Stone Soup version 0.30-b1-2-g02819fbbbe (webtiles) character file.

Game seed: 12095100132051695151

14876 Ketzopolo the Severer (level 11, -10/95 HPs)
             Began as a Minotaur Berserker on Aug 2, 2023.
             Was a High Priest of Trog.
             Mangled by a yak (13 damage)
             ... on level 11 of the Dungeon.
             The game lasted 00:31:30 (11267 turns).

Ketzopolo the Severer (Minotaur Berserker)         Turns: 11267, Time: 00:31:31

Health: -10/95     AC: 14    Str: 31    XL:     11   Next: 94%
Magic:  10/10      EV:  9    Int:  3    God:    Trog [*****.]
Gold:   710        SH:  0    Dex: 14    Spells: 10/10 levels left

rFire   . . .        u - +7 battleaxe (heavy)
rCold   . . .        (shield currently unavailable)
rNeg    . . .        n - +1 plate armour
rPois   .            (helmet restricted)
rElec   .            (no cloak)
rCorr   .            (no gloves)
SInv    +            (no boots)
Will    .....        (no amulet) Stlth
                     g - ring of see invisible
HPRegen 0.35/turn    m - +6 ring of strength
MPRegen 0.12/turn

%: clarity
@: no status effects
A: horns 2, retaliatory headbutt, agile 1, clarity, wild magic 1
a: Renounce Religion, Berserk, Trog's Hand, Brothers in Arms


You were on level 11 of the Dungeon.
You worshipped Trog.
Trog was extremely pleased with you.
You visited 2 branches of the dungeon, and saw 12 of its levels.

You collected 710 gold pieces.

Inventory:

Hand Weapons
 u - a +7 heavy battleaxe (weapon)
 y - a +4 antimagic executioner's axe
Missiles
 x - 5 throwing nets (quivered)
Armour
 n - a +1 plate armour (worn)
Jewellery
 g - a ring of see invisible (left hand)
 m - a +6 ring of strength (right hand)
 q - a ring of ice
 w - a ring of ice
 z - a ring of flight
Wands
 o - a wand of flame (8)
 v - a wand of mindburst (6)
Scrolls
 a - 3 scrolls of magic mapping
 f - 2 scrolls of fog
 h - a scroll of enchant weapon
 i - 2 scrolls of enchant armour
 j - 8 scrolls of identify
 k - 2 scrolls of teleportation
 p - 2 scrolls of blinking
 r - 2 scrolls of fear
Potions
 b - 4 potions of ambrosia
 c - a potion of invisibility
 d - 4 potions of heal wounds
 e - 6 potions of curing
 l - a potion of cancellation
 s - a potion of flight {unknown}
 t - a potion of brilliance {unknown}


   Skills:
 + Level 8.8 Fighting
 - Level 20.0 Axes
 + Level 8.3 Armour
 - Level 2.1 Dodging


You had 10 spell levels left.
You didn't know any spells.
Your spell library was empty.

Dungeon Overview and Level Annotations

Branches:
Dungeon (11/15)            Temple (1/1) D:5
   Lair: D:8-11         Orc: D:9-12

Altars:
Ashenzari
Cheibriados
Dithmenos
Elyvilon
Fedhas
Gozag
Hepliaklqana
Kikubaaqudgha
Makhleb
Nemelex Xobeh
Okawaru
Qazlal
Ru
Sif Muna
Trog
Uskayaw
Vehumet
Wu Jian
Xom
Yredelemnul
Zin
The Shining One

Shops:
D:4 [   D:5 :


Innate Abilities, Weirdness & Mutations

You have a pair of horns on your head.
You reflexively headbutt those who attack you in melee.
You are agile. (Dex +4, Str/Int -1)
You possess an exceptional clarity of mind.
Your spells are a little harder to cast, but a little more powerful.


Message History

The yak is almost dead.
The yak gores you but does no damage.
A yak comes into view.
You barely miss the yak.
The yak is almost dead.
A yak comes into view.
The yak gores you.
* * * LOW HITPOINT WARNING * * *
You slice the yak!!
You kill the yak!
Trog accepts your kill.
You slice the yak!!
You kill the yak!
Trog accepts your kill. The yak barely misses you. You furiously retaliate!
You headbutt the yak! You closely miss the yak. You headbutt the yak.
The yak is heavily wounded.
The yak barely misses you.
You completely miss the yak.
The yak is heavily wounded.
You slice the yak!! The yak barely misses you.
The yak gores you but does no damage. The yak gores you.
* * * LOW HITPOINT WARNING * * *
The yak gores you!
* * * LOW HITPOINT WARNING * * *
You are too injured to fight recklessly!
You are too injured to fight recklessly!
You are too injured to fight recklessly!
You are too injured to fight recklessly!
You slash the yak! You headbutt the yak.
The yak is moderately wounded.
You slice the yak!!
You kill the yak!
Trog accepts your kill.
You hit the yak. The yak gores you.
* * * LOW HITPOINT WARNING * * *
The yak completely misses you. You furiously retaliate!
You headbutt the yak. The yak gores you but does no damage.
The yak completely misses you. The yak gores you!
You die...

.8. .. #.. #.
#..# ###.# ##
#...## #...##...
#.....###.8....
#......!..Y.#
#........@Y.#
.........Y##+
........†.##
........†..#
......##...#
.......##.)## ##
####....##..###.#
##....##.....##
#....#......##


You could see 3 yaks.

Vanquished Creatures
  Snorg (D:11)
  Josephine (D:10)
  Harold (D:10)
  2 hydras (D:9)
  Fannar (D:10)
  2 two-headed ogres
  A centaur warrior (D:9)
  2 unseen horrors
  The ghost of diceflayer the Shooter, an amateur DsHu (D:5)
  A shadow (D:5)
  A wyvern (D:7)
  2 steam dragons
  26 yaks
  5 wraiths (D:10)
  Edmund (D:5)
  2 acid dragons
  The ghost of BerneyBell the Cutter, an amateur KoEn (D:3)
  3 orc warriors
  A black bear (D:7)
  3 ice beasts
  2 sky beasts (D:6)
  The ghost of NimIero the Gusty, an amateur OgAE (D:3)
  3 centaurs
  A kobold brigand (D:9)
  6 bullfrogs
  3 scorpions
  9 wights
  The ghost of Darold the Sneak, a weakling DrBr (D:3)
  A jelly (D:5)
  A gnoll bouda (D:6)
  7 orc priests
  3 hounds
  A scorpion zombie (D:5)
  Terence (D:3)
  5 iguanas
  7 orc wizards
  A hound zombie (D:5)
  Robin (D:3)
  8 gnolls
  6 adders
  A white imp (D:7)
  An ufetubus (D:5)
  An adder zombie (D:2)
  A worm (D:2)
  32 orcs
  4 bats
  8 endoplasms
  A giant cockroach (D:1)
  50 goblins
  26 hobgoblins
  3 jackals (D:2)
  4 quokkas
  8 ball pythons
  10 frilled lizards
  19 kobolds
  A quokka skeleton (D:2)
  2 rats
298 creatures vanquished.

Vanquished Creatures (others)
  5 plants (D:6)
  A withered plant (D:2)
6 creatures vanquished.

Grand Total: 304 creatures vanquished

Notes
Turn   | Place    | Note
-------+----------+-------------------------------------------
     0 | D:1      | Ketzopolo the Minotaur Berserker began the quest for the
                  | Orb.
     0 | D:1      | Reached XP level 1. HP: 19/19 MP: 0/0
   157 | D:1      | Reached skill level 4 in Axes
   299 | D:1      | Reached XP level 2. HP: 19/26 MP: 1/1
   630 | D:1      | Reached skill level 5 in Axes
   639 | D:2      | Reached XP level 3. HP: 30/31 MP: 2/2
   659 | D:2      | Reached ** piety under Trog
   851 | D:2      | Reached skill level 6 in Axes
   851 | D:2      | Reached XP level 4. HP: 37/39 MP: 3/3
  1433 | D:3      | Noticed Terence
  1446 | D:3      | Killed Terence
  1798 | D:3      | Identified the +2 whip "Heatwu" {heavy, Dex+3}
  1832 | D:3      | Found a runed translucent gate.
  1833 | D:3      | Found a runed translucent gate.
  1835 | D:3      | Found a runed translucent gate.
  1837 | D:3      | Noticed BerneyBell's ghost (amateur KoEn)
  1837 | D:3      | Noticed Darold's ghost (weakling DrBr)
  1837 | D:3      | Noticed NimIero's ghost (amateur OgAE)
  2070 | D:3      | Noticed Robin
  2087 | D:3      | Killed Robin
  2088 | D:3      | Reached skill level 7 in Axes
  2088 | D:3      | Reached XP level 5. HP: 45/45 MP: 4/4
  2312 | D:3      | Reached *** piety under Trog
  2819 | D:3      | Reached skill level 8 in Axes
  2822 | D:3      | Reached **** piety under Trog
  3349 | D:3      | Killed NimIero's ghost
  3350 | D:3      | Reached XP level 6. HP: 51/51 MP: 5/5
  3352 | D:3      | Killed BerneyBell's ghost
  3353 | D:3      | Reached skill level 9 in Axes
  3360 | D:3      | Killed Darold's ghost
  3797 | D:3      | Gained mutation: You possess an exceptional clarity of
                  | mind. [potion of mutation]
  3797 | D:3      | Gained mutation: You are agile. (Dex +4, Str/Int -1)
                  | [potion of mutation]
  3797 | D:3      | Gained mutation: Your spells are a little harder to cast,
                  | but a little more powerful. [potion of mutation]
  3824 | D:4      | Found a stormy altar of Qazlal.
  3878 | D:4      | Found a hide-covered altar of Uskayaw.
  3950 | D:4      | Reached XP level 7. HP: 45/58 MP: 6/6
  4258 | D:4      | Found a sparkling altar of Nemelex Xobeh.
  4288 | D:4      | Found Noikyamm's Antique Armour Boutique.
  4453 | D:4      | Found a shimmering altar of Xom.
  4614 | D:5      | Entered Level 5 of the Dungeon
  4698 | D:5      | Reached skill level 10 in Axes
  4756 | D:5      | Noticed a shadow
  4768 | D:5      | Killed a shadow
  4800 | D:5      | Found a staircase to the Ecumenical Temple.
  4813 | Temple   | Entered the Ecumenical Temple
  4862 | D:5      | Reached skill level 5 in Fighting
  4862 | D:5      | Reached XP level 8. HP: 52/68 MP: 7/7
  4955 | D:5      | Noticed Edmund
  4977 | D:5      | Killed Edmund
  4978 | D:5      | Reached skill level 11 in Axes
  5082 | D:5      | Found Ediocips's Book Shoppe.
  5149 | D:5      | Found a white marble altar of Elyvilon.
  5187 | D:5      | Found a runed translucent gate.
  5187 | D:5      | Found a runed translucent gate.
  5187 | D:5      | Found a runed translucent gate.
  5187 | D:5      | Noticed diceflayer's ghost (amateur DsHu)
  5189 | D:5      | Found a basalt altar of Yredelemnul.
  5216 | D:5      | Killed diceflayer's ghost
  5217 | D:5      | Reached skill level 5 in Armour
  5978 | D:6      | Reached skill level 12 in Axes
  6039 | D:6      | Reached ***** piety under Trog
  6206 | D:6      | Reached XP level 9. HP: 75/78 MP: 8/8
  6324 | D:6      | Found an ornate altar of the Wu Jian Council.
  6775 | D:7      | Reached skill level 13 in Axes
  6851 | D:7      | Found a hazy altar of Hepliaklqana.
  7207 | D:7      | Reached skill level 14 in Axes
  7273 | D:7      | Received a gift from Trog
  7617 | D:8      | Reached skill level 15 in Axes
  7617 | D:8      | Reached XP level 10. HP: 57/86 MP: 9/9
  8372 | D:9      | Identified the +1 robe "Ovud" {+Blink}
  8436 | D:9      | Reached skill level 16 in Axes
  9222 | D:9      | Noticed a centaur warrior
  9226 | D:9      | Noticed a four-headed hydra
  9237 | D:9      | Killed a centaur warrior
  9238 | D:9      | Reached skill level 17 in Axes
  9240 | D:9      | Killed a seven-headed hydra
  9581 | D:9      | Noticed a five-headed hydra
  9588 | D:9      | HP: 5/129 [seven-headed hydra (11)]
  9588 | D:9      | HP: 1/129 [seven-headed hydra (2)]
  9589 | D:9      | Killed an eight-headed hydra
  9590 | D:9      | Reached skill level 18 in Axes
  9590 | D:9      | Reached XP level 11. HP: 2/92 MP: 10/10
 10005 | D:10     | Entered Level 10 of the Dungeon
 10060 | D:10     | Noticed a two-headed ogre
 10068 | D:10     | Killed a two-headed ogre
 10182 | D:10     | Found an ancient bone altar of Kikubaaqudgha.
 10185 | D:10     | Found a flagged portal.
 10323 | D:10     | Found a shimmering blue altar of Sif Muna.
 10429 | D:10     | Noticed Fannar
 10440 | D:10     | Killed Fannar
 10535 | D:10     | Reached skill level 19 in Axes
 10582 | D:10     | Noticed Josephine
 10582 | D:10     | Noticed Harold
 10586 | D:10     | Killed Josephine
 10588 | D:10     | Killed Harold
 10593 | D:10     | Reached skill level 20 in Axes
 10707 | D:10     | Received a gift from Trog
 11240 | D:11     | Noticed Snorg
 11245 | D:11     | Killed Snorg
 11245 | D:11     | Noticed a two-headed ogre
 11251 | D:11     | Killed a two-headed ogre
 11266 | D:11     | HP: 4/95 [yak (9)]
 11267 | D:11     | Mangled by a yak

Illustrated notes

Levels and vault maps discovered:
D:1:      ncdulo_watergridlock, layout_loops_ring, minmay_misc_feat_pillars
D:2:      layout_loops_ring, serial_undead, serial_undead_e, serial_undead_e,
          serial_undead_b, serial_undead_d, minmay_misc_feat_plants
D:3:      minmay_goblin_kobold_castle, layout_loops_ring,
          gammafunk_ghost_cemetery, uniq_terence, uniq_robin
D:4:      layout_basic, lemuel_crystal_altar, mainiacjoe_overflow_paths,
          mainiacjoe_overflow_tiny_flanked, nemelex_spade_bored_becter,
          serial_shops, shop, due_unseen_surprise
D:5:      layout_rooms, nicolae_yredelemnul_ghost_church, lemuel_doored_altar,
          minmay_temple_entry_poolview, serial_shops, nicolae_shop_crystal,
          uniq_edmund
D:6:      layout_basic, marbit_many_paths, grunt_decor_one_mirror,
          minmay_lizard_king
D:7:      layout_loops_ring, nicolae_hepliaklqana_hippocampus,
          nrook_loot_triangle
D:8:      layout_rooms
D:9:      minmay_cornered_nines, layout_layer_cave
D:10:     layout_roguey, kennysheep_mini, nicolae_overflow_hidden_temple,
          enter_bailey_5, dreamdust_princess_bridge, uniq_josephine,
          uniq_fannar, uniq_harold
D:11:     minmay_the_grid_square_5x5_4x4_mashed
          [minmay_the_grid_square_5x5_doubleslash,
          minmay_the_grid_square_5x5_shrine1,
          minmay_the_grid_square_5x5_inner_z,
          minmay_the_grid_square_5x5_checkered_statues,
          minmay_the_grid_square_5x5_slash,
          minmay_the_grid_square_5x5_prize_open,
          minmay_the_grid_square_5x5_prize_snowflake,
          minmay_the_grid_square_5x5_minivault,
          minmay_the_grid_square_5x5_shrine2,
          minmay_the_grid_square_5x5_prize_monsterx,
          minmay_the_grid_square_5x5_prize_junk,
          minmay_the_grid_square_5x5_six_small, minmay_the_grid_square_5x5_n,
          minmay_the_grid_square_5x5_corner,
          minmay_the_grid_square_5x5_one_wall,
          minmay_the_grid_square_5x5_n_small], layout_layer_cave,
          lair_entry_dummy, orc_0_dummy, grunt_ministairs_4, uniq_snorg,
          uniq_nergalle, uniq_maurice
Temple:   nicolae_temple_no_exploring_needed

Skill      XL: |  1  2  3  4  5  6  7  8  9 10 11 |
---------------+----------------------------------+-----
Axes           | 4 5 6 7 8 9 10 12 15 18 20 | 20.0
Fighting       | 5 6 7 8 |  8.8
Armour         | 4 5 6 8 |  8.3
Dodging        | |  2.1

Action                     |  1- 3 |  4- 6 |  7- 9 | 10-12 || total
---------------------------+-------+-------+-------+-------++-------
  Melee: Hand axe          |    78 |   176 |   128 |       ||   382
         Headbutt          |    12 |    19 |    58 |    15 ||   104
         Punch             |       |     1 |     6 |       ||     7
         War axe           |       |       |   109 |       ||   109
         Battleaxe         |       |       |     6 |   128 ||   134
 Invoke: Berserk           |     1 |     3 |     1 |     2 ||     7
    Use: Potion            |       |     8 |     2 |       ||    10
         Scroll            |       |     6 |     5 |     1 ||    12
   Stab: Sleeping          |     1 |       |       |       ||     1
 Armour: Animal skin       |     4 |       |       |       ||     4
         Ring mail         |    15 |     3 |       |       ||    18
         Scale mail        |       |    55 |       |       ||    55
         Chain mail        |       |     3 |    43 |       ||    46
         Plate armour      |       |       |    51 |    77 ||   128
  Dodge: Dodged            |    36 |    86 |    93 |    77 ||   292
